 Dungeon Crawl Stone Soup version 0.18.1-48-g4cf74bf (console) character file.

251 utis the Conjurer (level 6, -3/41 HPs)
             Began as a Human Air Elementalist on Aug 26, 2016.
             Slain by Murtagy's ghost (17 damage)
             ... on level 3 of the Dungeon.
             The game lasted 00:16:05 (5124 turns).

utis the Conjurer (Human Air Elementalist)          Turns: 5124, Time: 00:16:07

Health: -3/41      AC:  0    Str:  8    XL:     6   Next: 36%
Magic:  5/9        EV: 14    Int: 15    God:
Gold:   90         SH:  0    Dex: 16    Spells: 4 memorised, 2 levels left

rFire  . . .     SeeInvis .     a - +0 trident
rCold  . . .     Gourm    .     (no armour)
rNeg   . . .     Faith    .     (no shield)
rPois  .         Spirit   .     (no helmet)
rElec  .         Dismiss  .     (no cloak)
rCorr  .         Reflect  .     (no gloves)
SustAt .         Harm     .     (no boots)
MR     .....                    (no amulet)
Stlth  ++........               (no ring)
                                (no ring)

@: very slightly contaminated, not resistant to hostile enchantments, unstealthy
A: no striking features
a: no special abilities


You were on level 3 of the Dungeon.
You were not hungry.

You visited 1 branch of the dungeon, and saw 3 of its levels.

You collected 90 gold pieces.

Inventory:

Hand Weapons
 a - a +0 trident (weapon)
 g - a +0 short sword
 s - a cursed -2 dagger
 C - a +0 spear
Missiles
 j - 61 stones (quivered)
 k - 5 curare-tipped needles {=f}
 r - 5 poisoned needles
 y - 18 bolts
 z - 77 arrows
 A - 26 sling bullets
Jewellery
 B - an uncursed amulet of dismissal {unknown}
Scrolls
 d - a scroll of identify {@r1}
 l - a scroll of recharging {unknown}
 m - a scroll of enchant armour {unknown}
 o - 2 scrolls of immolation {unknown}
 p - a scroll of enchant weapon {unknown}
 t - a scroll of magic mapping {unknown}
 w - a scroll of fear {unknown}
 D - a scroll of random uselessness {unknown}
Potions
 e - a potion of degeneration {unknown}
 h - a potion of flight
 i - a potion of invisibility {unknown}
 n - 2 potions of curing {unknown}
 q - 2 potions of heal wounds {unknown}
 u - a potion of might {unknown}
Books
 b - a book of Air

   Spells                             Type                      Level
   a - Shock                          Conjuration/Air              1
   b - Swiftness                      Charms/Air                   2
   c - Repel Missiles                 Charms/Air                   2
   d - Static Discharge               Conjuration/Air              3
   e - Lightning Bolt                 Conjuration/Air              5
Comestibles
 c - 2 bread rations {@e1}
 f - a royal jelly {@e3}
 v - 9 chunks of flesh


   Skills:
 + Level 3.5 Dodging
 - Level 2.0 Stealth
 + Level 2.5 Spellcasting
 * Level 4.0 Conjurations
 * Level 3.8 Air Magic


You had 2 spell levels left.
You knew the following spells:

 Your Spells              Type           Power        Failure   Level  Hunger
r - Repel Missiles        Chrm/Air       #.....       14%         2    ###....
t - Static Discharge      Conj/Air       ##......     14%         3    ###....
z - Shock                 Conj/Air       ##..         4%          1    #......
W - Swiftness             Chrm/Air       #.......     14%         2    ###....


Dungeon Overview and Level Annotations

Branches:
Dungeon (3/15)

Altars:
Nemelex Xobeh
Yredelemnul

Annotations:
D:3 Murtagy's ghost, amateur MiFi


Message History

Casting: Shock
Confirm with . or Enter, or press ? or * to list all spells.
Aiming: Shock
Press: ? - help, Shift-Dir - straight line The zap hits Murtagy's ghost.
Murtagy's ghost is moderately damaged.
The zap hits Murtagy's ghost.
Murtagy's ghost is moderately damaged.
Murtagy's ghost hits you!
* * * LOW HITPOINT WARNING * * *
Unknown command.
You see here a dagger.
You see here a cloak.
Casting: Shock
Confirm with . or Enter, or press ? or * to list all spells.
You miscast Swiftness.
You are very lightly contaminated with residual magic.
You hear a whooshing sound.
Murtagy's ghost hits you!
You die...

░........░░░░░░..............[
░.............÷...............
░.........░░░░░..........░....
░...........░░░.....░.....░░░░
░░░░░░░░░░...░░░░.░░░░░..░░
░........░ ░..░░ ░........░
░░.░░░░░░
░░......)░░░.......░░
░.Wp...............░
░[░░....░.........>.
░.░░....░░.....[.... ░░░░░░
░)░░░.░.......<..... ░....░
░).░░.░.░░..........
░░░...)░░░░.░░.░.............
.............<[.)............░
.░░░....░░░░░..░..░...........
░░░....░░░░.░..............


You could see Murtagy's ghost.

Vanquished Creatures
  A scorpion (D:2)
  A hound (D:3)
  An orc priest (D:3)
  A gnoll (D:3)
  6 adders
  3 dart slugs
  2 giant geckos (D:1)
  6 orcs
  7 bats
  2 giant cockroaches (D:3)
  8 goblins
  9 hobgoblins
  3 quokkas (D:3)
  4 giant newts
  7 kobolds
  7 rats
  A spectral orc (D:2)
69 creatures vanquished.

Notes
Turn   | Place    | Note
--------------------------------------------------------------
     0 | D:1      | utis the Human Air Elementalist began the quest for the Orb.
     0 | D:1      | Reached XP level 1. HP: 13/13 MP: 3/3
   136 | D:1      | Reached XP level 2. HP: 19/19 MP: 3/5
   153 | D:1      | Learned a level 2 spell: Swiftness
   156 | D:1      | Learned a level 2 spell: Repel Missiles
   971 | D:1      | Reached skill level 2 in Conjurations
  1053 | D:1      | Reached XP level 3. HP: 22/24 MP: 4/6
  1792 | D:2      | Found a sparkling altar of Nemelex Xobeh.
  2043 | D:2      | Found a basalt altar of Yredelemnul.
  2241 | D:2      | Reached XP level 4. HP: 12/30 MP: 0/7
  2479 | D:2      | Reached skill level 3 in Conjurations
  3249 | D:3      | stupid
  3369 | D:3      | Noticed Murtagy's ghost (amateur MiFi)
  3369 | D:3      | I'll risk it.
  3652 | D:2      | Reached XP level 5. HP: 26/35 MP: 1/8
  4134 | D:2      | Learned a level 3 spell: Static Discharge
  4496 | D:3      | Reached XP level 6. HP: 24/41 MP: 3/9
  4778 | D:3      | Reached skill level 4 in Conjurations
  5124 | D:3      | Slain by Murtagy's ghost

Skill      XL: |  1  2  3  4  5  6 |
---------------+-------------------+-----
Conjurations   | 2 3 4 |  4.0
Dodging        | 3 |  3.5
Stealth        | |  2.0
Spellcasting   | |  2.5
Air Magic      | |  3.8

Action                   |  1- 3 |  4- 6 || total
-------------------------+-------+-------++-------
Melee: Short sword       |    38 |    64 ||   102
Throw: Stone             |    23 |    19 ||    42
 Cast: Shock             |    32 |    57 ||    89
       Repel Missiles    |     2 |       ||     2
  Use: Scroll            |     2 |       ||     2
 Stab: Sleeping          |     1 |       ||     1
  Eat: Chunk             |     5 |     5 ||    10
       Meat ration       |       |     1 ||     1
Dodge: Dodged            |    44 |    84 ||   128
       Deflected         |     1 |     3 ||     4
